Jets vs Canucks

Created - Sunday, April 17, 2016 at 00:22

Goals
1 2 3 T
Jets 0 5 0 5
Canucks 1 0 0 1
Shots
1 2 3 T
Jets 6 14 3 23
Canucks 9 11 12 32

1st period

1. Canucks , Derick Brassard 2 (Craig Smith) at 14:05 (PP)

Penalties :
Derick Brassard (Van) for Hooking (Minor) at 7:55, Erik Johnson (Wpg) for High sticking (Minor) at 13:40, Blake Wheeler (Wpg) for High sticking (Minor) at 15:13

2nd period

2. Jets , Alex Ovechkin 2 (Jarret Stoll) at 2:02
3. Jets , Alex Ovechkin 3 (Ryan Getzlaf) at 2:15
4. Jets , Patrick Kane 1 (John Tavares, Oliver Ekman-Larsson) at 5:54
5. Jets , John Tavares 1 (Blake Wheeler, Jonathan Quick) at 11:05 (PP)
6. Jets , Patrick Kane 2 (John Tavares) at 11:13

Penalties :
Andrei Markov (Van) for Roughing (Minor) at 10:50, Andrei Markov (Van) for Roughing (Minor) at 11:16, Andrei Markov (Van) for Cross-checking (Minor) at 14:18, Brad Stuart (Wpg) for Tripping (Minor) at 17:11

3rd period

No Goal

Penalties :
Clarke MacArthur (Van) for Interference (Minor) at 7:25, Clarke MacArthur (Van) for Hooking (Minor) at 10:05, Alex Ovechkin (Wpg) for Tripping (Minor) at 15:40, Jack Johnson (Van) for High sticking (Minor) at 19:25

Goalie Stats

Jonathan Quick (Wpg), 31 saves from 32 shots - (0.969), W, 1-1-1, 60:00 minutes
Ben Bishop (Van), 9 saves from 13 shots - (0.692), L, 1-1-0, 31:05 minutes
Mike McKenna (Van), 9 saves from 10 shots - (0.900), 28:55 minutes

Players Stats for Jets

Player Name              G  A  P  +/- PIM S  H  SB GA TA FO     MP     PP MP  PK MP  
------------------------------------------------------------------------------------
Alex Ovechkin            2  0  2   2  2   8  2  0  4  0  0/2    23:40   5:03   0:57 
Blake Wheeler            0  1  1   1  2   0  1  0  0  1  0/1    14:18   5:17   0:13 
Brad Stuart              0  0  0   1  2   1  0  4  0  0  0/0    15:40   0:00   2:54 
Claude Giroux            0  0  0   0  0   1  1  0  2  1  6/14   15:26   0:00   1:59 
Erik Johnson             0  0  0   2  2   0  0  3  1  4  0/0    24:34   6:06   2:34 
Filip Forsberg           0  0  0   0  0   3  0  0  1  0  0/0    18:10   4:49   0:32 
Jake Muzzin              0  0  0   2  0   0  0  1  0  0  0/0    13:46   0:00   0:00 
Jarret Stoll             0  1  1   1  0   0  2  0  0  0  4/6     8:07   0:00   0:00 
John Carlson             0  0  0   1  0   1  0  5  0  1  0/0    25:33   4:38   4:53 
John Tavares             1  2  3   2  0   1  0  0  3  0  5/7    16:16   4:55   0:00 
Jussi Jokinen            0  0  0   2  0   0  0  0  1  1  1/1    16:28   0:00   4:40 
Marc Staal               0  0  0   0  0   0  0  0  0  0  0/0     0:00   0:00   0:00 
Oliver Ekman-Larsson     0  1  1   1  0   3  0  2  0  1  0/0    21:35   6:06   2:23 
Patrick Kane             2  0  2   2  0   4  1  0  4  0  0/0    17:30   5:22   0:00 
Patrik Elias             0  0  0   1  0   1  0  0  0  0  0/1    10:25   1:19   0:00 
Ryan Getzlaf             0  1  1   1  0   0  0  0  2  0  7/20   19:49   5:27   4:23 
Victor Hedman            0  0  0   1  0   0  1  3  0  1  0/0    19:12   4:38   0:00 
Wayne Simmonds           0  0  0   0  0   0  1  0  0  0  0/0    13:05   0:00   0:00 

Players Stats for Canucks

Player Name              G  A  P  +/- PIM S  H  SB GA TA FO     MP     PP MP  PK MP  
------------------------------------------------------------------------------------
Alex Tanguay             0  0  0  -1  0   2  2  1  1  0  0/0    17:08   2:08   3:13 
Alexander Edler          0  0  0  -1  0   3  2  1  0  1  0/0    22:08   2:08   4:28 
Andrei Markov            0  0  0  -3  6   1  2  0  0  1  0/0    23:14   4:14   3:30 
Antoine Roussel          0  0  0  -1  0   1  2  1  1  0  0/0    17:19   0:00   6:52 
Brendan Gallagher        0  0  0  -1  0   5  1  0  1  1  1/1    15:13   2:19   0:00 
Christopher Tanev        0  0  0   0  0   3  1  3  0  1  0/0    15:11   0:00   3:20 
Clarke MacArthur         0  0  0  -1  4   5  1  0  4  1  0/2    17:29   4:03   0:00 
Craig Smith              0  1  1  -2  0   2  2  1  3  0  0/1    15:30   4:03   0:00 
Derick Brassard          1  0  1  -1  2   3  0  0  4  0  10/16  17:05   4:03   0:00 
Jack Johnson             0  0  0  -3  2   1  2  4  0  2  0/0    25:32   4:14   5:46 
Jannik Hansen            0  0  0   0  0   1  1  0  1  0  0/0     6:59   0:00   0:00 
Jay Beagle               0  0  0   0  0   1  1  0  1  1  5/11   13:56   0:00   6:55 
Joel Ward                0  0  0   0  0   0  2  0  0  0  0/0     8:51   0:00   1:52 
Mats Zuccarello          0  0  0  -2  0   2  1  0  1  0  0/0    13:58   2:19   0:00 
Nazem Kadri              0  0  0  -2  0   1  0  0  1  0  7/10   13:58   2:19   0:00 
Nick Leddy               0  0  0   0  0   1  0  0  0  1  0/0    11:51   0:00   0:00 
Peter Holland            0  0  0  -1  0   0  2  1  1  0  6/11   14:08   0:00   2:36 
Willie Mitchell          0  0  0  -1  0   0  0  0  0  2  0/0    19:39   0:00   4:24 

3 Stars

1 - Patrick Kane (Wpg)
2 - John Tavares (Wpg)
3 - Alex Ovechkin (Wpg)

Power Play

Jets - 1 on 7 Attempt(s) - 14.29%
Canucks - 1 on 4 Attempt(s) - 25.00%

Penalty Kill

Jets - 3 on 4 Attempt(s) - 75.00% - Score 0 goal in Penalty Kill
Canucks - 6 on 7 Attempt(s) - 85.71% - Score 0 goal in Penalty Kill

Team Stat

Jets - Hits : 9 - Faceoff Wins : 23 - Blocked Shots : 18 - Penalty Minutes : 8
Canucks - Hits : 22 - Faceoff Wins : 29 - Blocked Shots : 12 - Penalty Minutes : 14

Official

Referees : Unknown
Linesman : Unknown

Game Notes

Mike McKenna enters game at 11:05 of 2nd period

Finance

Level 1 -- Attendance: 6000 (100.00%) -- Ticket Income $480,000
Level 2 -- Attendance: 5000 (100.00%) -- Ticket Income $265,000
Level 3 -- Attendance: 2000 (100.00%) -- Ticket Income $62,000
Level 4 -- Attendance: 4000 (100.00%) -- Ticket Income $68,000
Luxury Box -- Attendance: 1000 (100.00%) -- Ticket Income $176,000
Game was played at the Rogers Place.
Total Attendance: 18000 (100.00%)
Total Ticket Income: $1,051,000
Other Income: $514,990
Total Income: $1,565,990

Jets

5 vs 5 Forward 
   Center                   Left Wing                Right Wing               Time % Phy DF OF 
 1 Ryan Getzlaf             Alex Ovechkin            Blake Wheeler            31     0   2  3  
 2 John Tavares             Jussi Jokinen            Patrick Kane             28     0   2  3  
 3 Claude Giroux            Filip Forsberg           Wayne Simmonds           24     1   2  2  
 4 Jarret Stoll             Patrik Elias             Alex Ovechkin            17     1   2  2  

5 vs 5 Defense 
   Defense                  Defense                                           Time % Phy DF OF 
 1 Victor Hedman            John Carlson                                      35     1   2  2  
 2 Oliver Ekman-Larsson     Erik Johnson                                      30     1   2  2  
 3 Jake Muzzin              Brad Stuart                                       22     1   2  2  
 4 Jake Muzzin              Erik Johnson                                      13     1   2  2  

PowerPlay Forward 
   Center                   Left Wing                Right Wing               Time % Phy DF OF 
 1 Ryan Getzlaf             Alex Ovechkin            Patrick Kane             60     1   2  2  
 2 John Tavares             Filip Forsberg           Blake Wheeler            40     1   2  2  

PowerPlay Defense
   Defense                  Defense                                           Time % Phy DF OF 
 1 Oliver Ekman-Larsson     Erik Johnson                                      60     1   2  2  
 2 Victor Hedman            John Carlson                                      40     1   2  2  

Penalty Kill 4 Players Forward 
   Center                   Wing                     Time % Phy DF OF 
 1 Ryan Getzlaf             Jussi Jokinen            60     1   2  2  
 2 Claude Giroux            Blake Wheeler            40     1   2  2  

Penalty Kill 4 Players Defense
   Defense                  Defense                  Time % Phy DF OF 
 1 Brad Stuart              John Carlson             60     1   2  2  
 2 Oliver Ekman-Larsson     Erik Johnson             40     1   2  2  

Penalty Kill - 3 Players Forward 
   Forward                                           Time % Phy DF OF 
 1 Ryan Getzlaf                                      60     1   2  2  
 2 Claude Giroux                                     40     1   2  2  

Penalty Kill - 3 Players Defense
   Defense                  Defense                  Time % Phy DF OF 
 1 Brad Stuart              John Carlson             60     1   2  2  
 2 Oliver Ekman-Larsson     Erik Johnson             40     1   2  2  

4 vs 4 Forward 
   Center                   Wing                     Time % Phy DF OF 
 1 John Tavares             Alex Ovechkin            60     1   2  2  
 2 Ryan Getzlaf             Patrick Kane             40     1   2  2  

4 vs 4 Defense
   Defense                  Defense                  Time % Phy DF OF 
 1 John Carlson             Erik Johnson             60     1   2  2  
 2 Oliver Ekman-Larsson     Jake Muzzin              40     1   2  2  

Last Minutes Offensive
   Center                   Left Wing                Right Wing               Defense                  Defense                  
   Ryan Getzlaf             Alex Ovechkin            Blake Wheeler            John Carlson             Erik Johnson             

Last Minutes Defensive
   Center                   Left Wing                Right Wing               Defense                  Defense                  
   Ryan Getzlaf             Alex Ovechkin            Blake Wheeler            John Carlson             Erik Johnson             

Goaltenders
Starting : Jonathan Quick           
Backup : Jake Allen               

Extra Forwards
Normal : John Tavares, Patrik Elias, Jussi Jokinen - PP : John Tavares, Patrik Elias - PK : Jussi Jokinen
Extra Defensemen
Normal : Jake Muzzin, Erik Johnson, Oliver Ekman-Larsson - PP : Jake Muzzin - PK : Erik Johnson, Oliver Ekman-Larsson
Penalty Shots
Alex Ovechkin, Ryan Getzlaf, Claude Giroux, Blake Wheeler, Jussi Jokinen

Canucks

5 vs 5 Forward 
   Center                   Left Wing                Right Wing               Time % Phy DF OF 
 1 Derick Brassard          Clarke MacArthur         Brendan Gallagher        35     1   1  3  
 2 Nazem Kadri              Mats Zuccarello          Craig Smith              32     1   1  3  
 3 Peter Holland            Antoine Roussel          Alex Tanguay             20     1   2  2  
 4 Jay Beagle               Jannik Hansen            Joel Ward                13     1   3  1  

5 vs 5 Defense 
   Defense                  Defense                                           Time % Phy DF OF 
 1 Jack Johnson             Andrei Markov                                     35     1   2  2  
 2 Alexander Edler          Willie Mitchell                                   30     1   2  2  
 3 Nick Leddy               Christopher Tanev                                 22     1   2  2  
 4 Jack Johnson             Andrei Markov                                     13     1   2  2  

PowerPlay Forward 
   Center                   Left Wing                Right Wing               Time % Phy DF OF 
 1 Derick Brassard          Clarke MacArthur         Craig Smith              60     1   1  3  
 2 Nazem Kadri              Mats Zuccarello          Brendan Gallagher        40     1   1  3  

PowerPlay Defense
   Defense                  Defense                                           Time % Phy DF OF 
 1 Jack Johnson             Andrei Markov                                     60     1   2  2  
 2 Alexander Edler          Alex Tanguay                                      40     1   2  2  

Penalty Kill 4 Players Forward 
   Center                   Wing                     Time % Phy DF OF 
 1 Jay Beagle               Antoine Roussel          60     1   3  1  
 2 Peter Holland            Alex Tanguay             40     1   3  1  

Penalty Kill 4 Players Defense
   Defense                  Defense                  Time % Phy DF OF 
 1 Jack Johnson             Andrei Markov            60     1   3  1  
 2 Alexander Edler          Willie Mitchell          40     1   3  1  

Penalty Kill - 3 Players Forward 
   Forward                                           Time % Phy DF OF 
 1 Jay Beagle                                        60     1   3  1  
 2 Peter Holland                                     40     1   3  1  

Penalty Kill - 3 Players Defense
   Defense                  Defense                  Time % Phy DF OF 
 1 Jack Johnson             Andrei Markov            60     1   3  1  
 2 Alexander Edler          Willie Mitchell          40     1   3  1  

4 vs 4 Forward 
   Center                   Wing                     Time % Phy DF OF 
 1 Derick Brassard          Clarke MacArthur         60     1   2  2  
 2 Nazem Kadri              Brendan Gallagher        40     1   2  2  

4 vs 4 Defense
   Defense                  Defense                  Time % Phy DF OF 
 1 Jack Johnson             Andrei Markov            60     1   2  2  
 2 Alexander Edler          Willie Mitchell          40     1   2  2  

Last Minutes Offensive
   Center                   Left Wing                Right Wing               Defense                  Defense                  
   Derick Brassard          Clarke MacArthur         Brendan Gallagher        Jack Johnson             Andrei Markov            

Last Minutes Defensive
   Center                   Left Wing                Right Wing               Defense                  Defense                  
   Jay Beagle               Antoine Roussel          Joel Ward                Jack Johnson             Willie Mitchell          

Goaltenders
Starting : Ben Bishop               
Backup : Mike McKenna             

Extra Forwards
Normal : Craig Smith, Antoine Roussel, Clarke MacArthur - PP : Craig Smith, Antoine Roussel - PK : Joel Ward
Extra Defensemen
Normal : Nick Leddy, Christopher Tanev, Alexander Edler - PP : Nick Leddy - PK : Christopher Tanev, Alexander Edler
Penalty Shots
Derick Brassard, Mats Zuccarello, Joel Ward, Nazem Kadri, Brendan Gallagher

% Time on Ice - Jets

Lines # - Real PCT - Wanted PCT - Time Play
Normal Forward
1 - 24% - 31% - 10:21
2 - 26% - 28% - 11:21
3 - 30% - 24% - 13:05
4 - 19% - 17% - 8:07
Normal Defense
1 - 38% - 35% - 16:19
2 - 30% - 30% - 12:49
3 - 26% - 22% - 11:19
4 - 6% - 13% - 2:27
PP Forward
1 - 51% - 60% - 5:27
2 - 49% - 40% - 5:17
PP Defense
1 - 57% - 60% - 6:06
2 - 43% - 40% - 4:38
PK Forward
1 - 88% - 60% - 5:35
2 - 12% - 40% - 0:47
PK Defense
1 - 77% - 60% - 4:53
2 - 23% - 40% - 1:29
PK3 Forward
1 - 0% - 60%
2 - 0% - 40%
PK3 Defense
1 - 0% - 60%
2 - 0% - 40%
44 Forward
1 - 0% - 60%
2 - 0% - 40%
44 Defense
1 - 0% - 60%
2 - 0% - 40%
Last Minute Offensive  - 0:00
Last Minute Defensive  - 0:00
Total
Forward - 60:00
Defense - 60:00

% Time on Ice - Canucks

Lines # - Real PCT - Wanted PCT - Time Play
Normal Forward
1 - 30% - 35% - 12:49
2 - 30% - 32% - 12:41
3 - 24% - 20% - 10:25
4 - 16% - 13% - 6:59
Normal Defense
1 - 33% - 35% - 14:05
2 - 36% - 30% - 15:30
3 - 28% - 22% - 11:51
4 - 3% - 13% - 1:28
PP Forward
1 - 64% - 60% - 4:03
2 - 36% - 40% - 2:19
PP Defense
1 - 66% - 60% - 4:14
2 - 34% - 40% - 2:08
PK Forward
1 - 82% - 60% - 8:46
2 - 18% - 40% - 1:58
PK Defense
1 - 59% - 60% - 6:20
2 - 41% - 40% - 4:24
PK3 Forward
1 - 0% - 60%
2 - 0% - 40%
PK3 Defense
1 - 0% - 60%
2 - 0% - 40%
44 Forward
1 - 0% - 60%
2 - 0% - 40%
44 Defense
1 - 0% - 60%
2 - 0% - 40%
Last Minute Offensive  - 0:00
Last Minute Defensive  - 0:00
Total
Forward - 60:00
Defense - 60:00

Play by Play

1st period


0:01 of 1st period - Ryan Getzlaf wins face-off versus Derick Brassard in neutral zone.
0:04 of 1st period - Snap shot by Alex Ovechkin.
0:04 of 1st period - Stopped by Ben Bishop without a rebound.
0:05 of 1st period - Brendan Gallagher wins face-off versus Ryan Getzlaf in Canucks zone.
0:05 of 1st period - Brendan Gallagher is hit by Blake Wheeler.
0:19 of 1st period - John Carlson is hit by Brendan Gallagher and loses puck.
0:58 of 1st period - Slapshot by Patrick Kane.
0:58 of 1st period - Stopped by Ben Bishop without a rebound.
0:59 of 1st period - John Tavares wins face-off versus Nazem Kadri in Canucks zone.
1:17 of 1st period - Slapshot by Mats Zuccarello.
1:17 of 1st period - Shot Misses the Net.
1:19 of 1st period - Snap shot by Willie Mitchell.
1:19 of 1st period - Shot Blocked by Oliver Ekman-Larsson.
1:21 of 1st period - Slapshot by Willie Mitchell.
1:21 of 1st period - Shot Blocked by Erik Johnson.
1:57 of 1st period - Brad Stuart is hit by Antoine Roussel.
2:57 of 1st period - Christopher Tanev is hit by Jarret Stoll.
2:58 of 1st period - Icing by Christopher Tanev.
2:59 of 1st period - Ryan Getzlaf wins face-off versus Jay Beagle in Canucks zone.
3:57 of 1st period - Wrist shot by Derick Brassard.
3:57 of 1st period - Stopped by Jonathan Quick with a rebound.
3:59 of 1st period - Slapshot by Jack Johnson.
3:59 of 1st period - Stopped by Jonathan Quick without a rebound.
4:00 of 1st period - Claude Giroux wins face-off versus Craig Smith in Jets zone.
4:11 of 1st period - Wrist shot by Claude Giroux.
4:11 of 1st period - Stopped by Ben Bishop without a rebound.
4:12 of 1st period - Nazem Kadri wins face-off versus Claude Giroux in Canucks zone.
4:42 of 1st period - Wrist shot by Filip Forsberg.
4:42 of 1st period - Stopped by Ben Bishop with a rebound.
4:44 of 1st period - Slapshot by Erik Johnson.
4:44 of 1st period - Shot Misses the Net.
4:58 of 1st period - Slapshot by Alex Ovechkin.
4:58 of 1st period - Shot Misses the Net.
5:02 of 1st period - Snap shot by Alex Ovechkin.
5:02 of 1st period - Shot Blocked by Jack Johnson.
5:18 of 1st period - Willie Mitchell is hit by Alex Ovechkin and loses puck.
5:44 of 1st period - Wrist shot by John Tavares.
5:44 of 1st period - Deflect By Willie Mitchell.
5:44 of 1st period - Shot Misses the Net.
5:44 of 1st period - Puck is out of play.
5:45 of 1st period - Peter Holland wins face-off versus John Tavares in Canucks zone.
5:59 of 1st period - Snap shot by Alex Tanguay.
5:59 of 1st period - Stopped by Jonathan Quick with a rebound.
6:01 of 1st period - Snap shot by Antoine Roussel.
6:01 of 1st period - Stopped by Jonathan Quick without a rebound.
6:02 of 1st period - Peter Holland wins face-off versus Claude Giroux in Jets zone.
7:06 of 1st period - Wrist shot by Alex Ovechkin.
7:06 of 1st period - Shot Misses the Net.
7:26 of 1st period - Snap shot by Patrick Kane.
7:26 of 1st period - Stopped by Ben Bishop with a rebound.
7:46 of 1st period - Snap shot by John Tavares.
7:46 of 1st period - Shot Misses the Net.
7:55 of 1st period - Minor Penalty to Derick Brassard for Hooking.
7:56 of 1st period - Ryan Getzlaf wins face-off versus Jay Beagle in Canucks zone.
9:05 of 1st period - Oliver Ekman-Larsson is hit by Jay Beagle and loses puck.
9:55 of 1st period - Penalty to Derick Brassard is over, Derick Brassard is back on ice.
10:03 of 1st period - John Carlson is hit by Alex Tanguay and loses puck.
10:24 of 1st period - Wrist shot by Claude Giroux.
10:24 of 1st period - Shot Misses the Net.
10:26 of 1st period - Wrist shot by Brad Stuart.
10:26 of 1st period - Shot Misses the Net.
11:16 of 1st period - Off-side.
11:17 of 1st period - Claude Giroux wins face-off versus Derick Brassard in neutral zone.
11:32 of 1st period - Wrist shot by Filip Forsberg.
11:32 of 1st period - Shot Misses the Net.
11:34 of 1st period - Slapshot by Wayne Simmonds.
11:34 of 1st period - Shot Misses the Net.
11:36 of 1st period - Slapshot by John Carlson.
11:36 of 1st period - Deflect By Filip Forsberg.
11:36 of 1st period - Stopped by Ben Bishop without a rebound.
11:37 of 1st period - Nazem Kadri wins face-off versus Claude Giroux in Canucks zone.
12:41 of 1st period - Jarret Stoll is hit by Joel Ward and loses puck.
12:50 of 1st period - Jay Beagle is hit by Alex Ovechkin and loses puck.
13:17 of 1st period - Slapshot by Andrei Markov.
13:17 of 1st period - Stopped by Jonathan Quick without a rebound.
13:18 of 1st period - Claude Giroux wins face-off versus Derick Brassard in Jets zone.
13:31 of 1st period - Wrist shot by Clarke MacArthur.
13:31 of 1st period - Shot Misses the Net.
13:33 of 1st period - Slapshot by Andrei Markov.
13:33 of 1st period - Shot Hit the Post.
13:35 of 1st period - Snap shot by Brendan Gallagher.
13:35 of 1st period - Stopped by Jonathan Quick without a rebound.
13:36 of 1st period - Claude Giroux wins face-off versus Derick Brassard in Jets zone.
13:40 of 1st period - Minor Penalty to Erik Johnson for High sticking.
13:41 of 1st period - Derick Brassard wins face-off versus Ryan Getzlaf in Jets zone.
13:49 of 1st period - Brad Stuart is hit by Craig Smith.
14:05 of 1st period - Snap shot by Derick Brassard.
14:05 of 1st period - Goal by Derick Brassard - Jets : 0 - Canucks : 1.
14:06 of 1st period - John Tavares wins face-off versus Peter Holland in neutral zone.
14:33 of 1st period - Wrist shot by John Tavares.
14:33 of 1st period - Shot Blocked by Jack Johnson.
14:35 of 1st period - Slapshot by John Carlson.
14:35 of 1st period - Shot Misses the Net.
14:37 of 1st period - Slapshot by John Carlson.
14:37 of 1st period - Shot Blocked by Jack Johnson.
14:39 of 1st period - Slapshot by John Carlson.
14:39 of 1st period - Shot Blocked by Jack Johnson.
15:13 of 1st period - Minor Penalty to Blake Wheeler for High sticking.
15:14 of 1st period - Derick Brassard wins face-off versus Ryan Getzlaf in Jets zone.
15:25 of 1st period - Off-side.
15:26 of 1st period - Derick Brassard wins face-off versus Ryan Getzlaf in neutral zone.
16:27 of 1st period - Alex Ovechkin is hit by Mats Zuccarello and loses puck.
17:03 of 1st period - Brad Stuart is hit by Jack Johnson and loses puck.
17:13 of 1st period - Penalty to Blake Wheeler is over, Blake Wheeler is back on ice.
17:33 of 1st period - Jannik Hansen is hit by Claude Giroux and loses puck.
18:16 of 1st period - Slapshot by Alex Ovechkin.
18:16 of 1st period - Shot Blocked by Peter Holland.
18:18 of 1st period - Slapshot by Erik Johnson.
18:18 of 1st period - Shot Blocked by Antoine Roussel.
19:32 of 1st period - Snap shot by Claude Giroux.
19:32 of 1st period - Shot Blocked by Craig Smith.
19:35 of 1st period - Icing by Christopher Tanev.
19:36 of 1st period - Nazem Kadri wins face-off versus Claude Giroux in Canucks zone.
19:45 of 1st period - Wrist shot by Craig Smith.
19:45 of 1st period - Shot Misses the Net.
19:47 of 1st period - Slapshot by Christopher Tanev.
19:47 of 1st period - Stopped by Jonathan Quick with a rebound.
19:55 of 1st period - Backhand shot by Nazem Kadri.
19:55 of 1st period - Shot Blocked by Victor Hedman.
19:57 of 1st period - Snap shot by Nick Leddy.
19:57 of 1st period - Stopped by Jonathan Quick with a rebound.
19:59 of 1st period - Slapshot by Christopher Tanev.
19:59 of 1st period - Shot Misses the Net.
Goals for this period are 0 for Jets vs 1 for Canucks.
Shots for this period are 6 for Jets vs 9 for Canucks.

2nd period


0:01 of 2nd period - Derick Brassard wins face-off versus Ryan Getzlaf in neutral zone.
0:57 of 2nd period - Snap shot by Nazem Kadri.
0:57 of 2nd period - Shot Misses the Net.
1:07 of 2nd period - Slapshot by Craig Smith.
1:07 of 2nd period - Stopped by Jonathan Quick with a rebound.
1:09 of 2nd period - Slapshot by Willie Mitchell.
1:09 of 2nd period - Shot Misses the Net.
1:11 of 2nd period - Slapshot by Alexander Edler.
1:11 of 2nd period - Stopped by Jonathan Quick without a rebound.
1:12 of 2nd period - Claude Giroux wins face-off versus Jay Beagle in Jets zone.
1:33 of 2nd period - Wrist shot by Joel Ward.
1:33 of 2nd period - Shot Misses the Net.
1:35 of 2nd period - Snap shot by Christopher Tanev.
1:35 of 2nd period - Stopped by Jonathan Quick with a rebound.
1:37 of 2nd period - Wrist shot by Jannik Hansen.
1:37 of 2nd period - Stopped by Jonathan Quick without a rebound.
1:38 of 2nd period - Peter Holland wins face-off versus Jarret Stoll in Jets zone.
1:56 of 2nd period - Icing by Andrei Markov.
1:57 of 2nd period - Jarret Stoll wins face-off versus Peter Holland in Canucks zone.
2:02 of 2nd period - Slapshot by Alex Ovechkin.
2:02 of 2nd period - Goal by Alex Ovechkin - Jets : 1 - Canucks : 1.
2:03 of 2nd period - Derick Brassard wins face-off versus Ryan Getzlaf in neutral zone.
2:15 of 2nd period - Snap shot by Alex Ovechkin.
2:15 of 2nd period - Goal by Alex Ovechkin - Jets : 2 - Canucks : 1.
2:16 of 2nd period - Ryan Getzlaf wins face-off versus Derick Brassard in neutral zone.
2:53 of 2nd period - Snap shot by Blake Wheeler.
2:53 of 2nd period - Shot Misses the Net.
3:22 of 2nd period - Victor Hedman is hit by Craig Smith and loses puck.
4:49 of 2nd period - Slapshot by Alex Ovechkin.
4:49 of 2nd period - Stopped by Ben Bishop with a rebound.
4:55 of 2nd period - Snap shot by Alex Ovechkin.
4:55 of 2nd period - Stopped by Ben Bishop without a rebound.
4:56 of 2nd period - Derick Brassard wins face-off versus Alex Ovechkin in Canucks zone.
5:01 of 2nd period - Oliver Ekman-Larsson is hit by Jack Johnson and loses puck.
5:54 of 2nd period - Wrist shot by John Tavares.
5:54 of 2nd period - Deflect By Patrick Kane.
5:54 of 2nd period - Goal by Patrick Kane - Jets : 3 - Canucks : 1.
5:55 of 2nd period - Peter Holland wins face-off versus Claude Giroux in neutral zone.
6:04 of 2nd period - Slapshot by Alexander Edler.
6:04 of 2nd period - Stopped by Jonathan Quick without a rebound.
6:05 of 2nd period - Peter Holland wins face-off versus Claude Giroux in Jets zone.
6:12 of 2nd period - Slapshot by Alex Tanguay.
6:12 of 2nd period - Stopped by Jonathan Quick with a rebound.
6:56 of 2nd period - Snap shot by Derick Brassard.
6:56 of 2nd period - Shot Blocked by Victor Hedman.
6:58 of 2nd period - Snap shot by Brendan Gallagher.
6:58 of 2nd period - Stopped by Jonathan Quick without a rebound.
6:59 of 2nd period - Derick Brassard wins face-off versus Ryan Getzlaf in Jets zone.
7:20 of 2nd period - Jake Muzzin is hit by Andrei Markov and loses puck.
8:51 of 2nd period - Slapshot by Oliver Ekman-Larsson.
8:51 of 2nd period - Stopped by Ben Bishop without a rebound.
8:52 of 2nd period - Peter Holland wins face-off versus Claude Giroux in Canucks zone.
8:52 of 2nd period - Peter Holland is hit by Wayne Simmonds.
8:58 of 2nd period - Claude Giroux is hit by Antoine Roussel and loses puck.
9:25 of 2nd period - Snap shot by Claude Giroux.
9:25 of 2nd period - Shot Misses the Net.
9:50 of 2nd period - Clarke MacArthur is hit by Patrick Kane and loses puck.
10:50 of 2nd period - Minor Penalty to Andrei Markov for Roughing.
10:51 of 2nd period - John Tavares wins face-off versus Jay Beagle in Canucks zone.
11:05 of 2nd period - Snap shot by John Tavares.
11:05 of 2nd period - Goal by John Tavares - Jets : 4 - Canucks : 1.
11:05 of 2nd period - Mike McKenna enters game.
11:06 of 2nd period - John Tavares wins face-off versus Nazem Kadri in neutral zone.
11:13 of 2nd period - Wrist shot by Patrick Kane.
11:13 of 2nd period - Goal by Patrick Kane - Jets : 5 - Canucks : 1.
11:14 of 2nd period - Nazem Kadri wins face-off versus Ryan Getzlaf in neutral zone.
11:16 of 2nd period - Minor Penalty to Andrei Markov for Roughing.
11:17 of 2nd period - Jay Beagle wins face-off versus Alex Ovechkin in Canucks zone.
11:54 of 2nd period - Snap shot by Alex Ovechkin.
11:54 of 2nd period - Stopped by Mike McKenna with a rebound.
12:16 of 2nd period - Snap shot by Filip Forsberg.
12:16 of 2nd period - Stopped by Mike McKenna with a rebound.
12:18 of 2nd period - Slapshot by Victor Hedman.
12:18 of 2nd period - Shot Blocked by Christopher Tanev.
13:16 of 2nd period - Penalty to Andrei Markov is over, Andrei Markov is back on ice.
13:22 of 2nd period - Wrist shot by Clarke MacArthur.
13:22 of 2nd period - Stopped by Jonathan Quick with a rebound.
13:52 of 2nd period - Jake Muzzin is hit by Alexander Edler and loses puck.
14:18 of 2nd period - Minor Penalty to Andrei Markov for Cross-checking.
14:19 of 2nd period - Jay Beagle wins face-off versus Ryan Getzlaf in Canucks zone.
14:35 of 2nd period - Backhand shot by Alex Ovechkin.
14:35 of 2nd period - Shot Misses the Net.
14:37 of 2nd period - Slapshot by Victor Hedman.
14:37 of 2nd period - Shot Misses the Net.
14:51 of 2nd period - Victor Hedman is hit by Peter Holland and loses puck.
16:07 of 2nd period - Oliver Ekman-Larsson is hit by Alexander Edler and loses puck.
16:18 of 2nd period - Penalty to Andrei Markov is over, Andrei Markov is back on ice.
16:44 of 2nd period - Snap shot by Patrik Elias.
16:44 of 2nd period - Stopped by Mike McKenna without a rebound.
16:45 of 2nd period - Derick Brassard wins face-off versus Patrik Elias in Canucks zone.
17:11 of 2nd period - Minor Penalty to Brad Stuart for Tripping.
17:12 of 2nd period - Derick Brassard wins face-off versus Ryan Getzlaf in Jets zone.
17:12 of 2nd period - Snap shot by Clarke MacArthur.
17:12 of 2nd period - Shot Blocked by John Carlson.
17:14 of 2nd period - Slapshot by Alex Tanguay.
17:14 of 2nd period - Deflect By Craig Smith.
17:14 of 2nd period - Shot Blocked by Erik Johnson.
17:14 of 2nd period - Puck is out of play.
17:15 of 2nd period - Ryan Getzlaf wins face-off versus Clarke MacArthur in Jets zone.
18:03 of 2nd period - Slapshot by Oliver Ekman-Larsson.
18:03 of 2nd period - Shot Blocked by Alex Tanguay.
18:05 of 2nd period - Slapshot by Oliver Ekman-Larsson.
18:05 of 2nd period - Stopped by Mike McKenna with a rebound.
18:07 of 2nd period - Backhand shot by Oliver Ekman-Larsson.
18:07 of 2nd period - Stopped by Mike McKenna with a rebound.
18:09 of 2nd period - Slapshot by John Carlson.
18:09 of 2nd period - Stopped by Mike McKenna with a rebound.
18:27 of 2nd period - John Carlson is hit by Alex Tanguay and loses puck.
18:47 of 2nd period - Snap shot by Clarke MacArthur.
18:47 of 2nd period - Stopped by Jonathan Quick with a rebound.
19:05 of 2nd period - Backhand shot by Alex Ovechkin.
19:05 of 2nd period - Shot Misses the Net.
19:11 of 2nd period - Penalty to Brad Stuart is over, Brad Stuart is back on ice.
19:28 of 2nd period - Slapshot by Nick Leddy.
19:28 of 2nd period - Shot Blocked by Brad Stuart.
19:30 of 2nd period - Wrist shot by Jay Beagle.
19:30 of 2nd period - Stopped by Jonathan Quick with a rebound.
19:32 of 2nd period - Wrist shot by Christopher Tanev.
19:32 of 2nd period - Stopped by Jonathan Quick without a rebound.
19:33 of 2nd period - Jay Beagle wins face-off versus Jarret Stoll in Jets zone.
19:34 of 2nd period - Snap shot by Joel Ward.
19:34 of 2nd period - Shot Blocked by Brad Stuart.
19:52 of 2nd period - Wrist shot by Alex Ovechkin.
19:52 of 2nd period - Shot Misses the Net.
Goals for this period are 5 for Jets vs 0 for Canucks.
Shots for this period are 14 for Jets vs 11 for Canucks.

3rd period


0:01 of 3rd period - Nazem Kadri wins face-off versus Ryan Getzlaf in neutral zone.
0:59 of 3rd period - Victor Hedman is hit by Andrei Markov and loses puck.
1:48 of 3rd period - Wrist shot by Claude Giroux.
1:48 of 3rd period - Shot Misses the Net.
1:50 of 3rd period - Slapshot by Brad Stuart.
1:50 of 3rd period - Stopped by Mike McKenna with a rebound.
1:54 of 3rd period - Slapshot by Claude Giroux.
1:54 of 3rd period - Shot Blocked by Alexander Edler.
2:11 of 3rd period - Off-side.
2:12 of 3rd period - Jarret Stoll wins face-off versus Peter Holland in neutral zone.
2:45 of 3rd period - Snap shot by Alex Tanguay.
2:45 of 3rd period - Deflect By Peter Holland.
2:45 of 3rd period - Shot Blocked by Oliver Ekman-Larsson.
2:45 of 3rd period - Puck is out of play.
2:46 of 3rd period - Nazem Kadri wins face-off versus John Tavares in Jets zone.
2:47 of 3rd period - Snap shot by Craig Smith.
2:47 of 3rd period - Stopped by Jonathan Quick with a rebound.
3:40 of 3rd period - Wrist shot by Joel Ward.
3:40 of 3rd period - Shot Blocked by Victor Hedman.
3:48 of 3rd period - Jay Beagle is hit by Victor Hedman and loses puck.
3:57 of 3rd period - Victor Hedman is hit by Joel Ward and loses puck.
4:18 of 3rd period - Wayne Simmonds is hit by Peter Holland and loses puck.
5:03 of 3rd period - Wrist shot by Alex Ovechkin.
5:03 of 3rd period - Stopped by Mike McKenna with a rebound.
5:05 of 3rd period - Slapshot by Erik Johnson.
5:05 of 3rd period - Shot Blocked by Christopher Tanev.
5:15 of 3rd period - Slapshot by Alex Ovechkin.
5:15 of 3rd period - Shot Misses the Net.
5:17 of 3rd period - Slapshot by Erik Johnson.
5:17 of 3rd period - Shot Blocked by Christopher Tanev.
5:43 of 3rd period - Slapshot by Craig Smith.
5:43 of 3rd period - Shot Misses the Net.
5:49 of 3rd period - Wrist shot by Craig Smith.
5:49 of 3rd period - Shot Misses the Net.
6:06 of 3rd period - Alexander Edler is hit by Jarret Stoll and loses puck.
6:17 of 3rd period - Snap shot by Alex Ovechkin.
6:17 of 3rd period - Stopped by Mike McKenna with a rebound.
6:55 of 3rd period - Icing by Brad Stuart.
6:56 of 3rd period - Jussi Jokinen wins face-off versus Peter Holland in Jets zone.
7:25 of 3rd period - Minor Penalty to Clarke MacArthur for Interference.
7:26 of 3rd period - Jay Beagle wins face-off versus Blake Wheeler in Canucks zone.
8:07 of 3rd period - Backhand shot by Alex Ovechkin.
8:07 of 3rd period - Shot Misses the Net.
9:25 of 3rd period - Penalty to Clarke MacArthur is over, Clarke MacArthur is back on ice.
9:42 of 3rd period - Wrist shot by Clarke MacArthur.
9:42 of 3rd period - Stopped by Jonathan Quick with a rebound.
10:05 of 3rd period - Minor Penalty to Clarke MacArthur for Hooking.
10:06 of 3rd period - John Tavares wins face-off versus Jay Beagle in Canucks zone.
12:05 of 3rd period - Penalty to Clarke MacArthur is over, Clarke MacArthur is back on ice.
12:32 of 3rd period - Slapshot by Craig Smith.
12:32 of 3rd period - Deflect By Mats Zuccarello.
12:32 of 3rd period - Shot Misses the Net.
12:32 of 3rd period - Puck is out of play.
12:33 of 3rd period - Derick Brassard wins face-off versus Claude Giroux in Jets zone.
12:55 of 3rd period - Snap shot by Derick Brassard.
12:55 of 3rd period - Shot Misses the Net.
12:57 of 3rd period - Wrist shot by Brendan Gallagher.
12:57 of 3rd period - Stopped by Jonathan Quick without a rebound.
12:58 of 3rd period - Jarret Stoll wins face-off versus Nazem Kadri in Jets zone.
13:29 of 3rd period - Snap shot by Mats Zuccarello.
13:29 of 3rd period - Stopped by Jonathan Quick with a rebound.
13:31 of 3rd period - Slapshot by Alexander Edler.
13:31 of 3rd period - Stopped by Jonathan Quick with a rebound.
13:33 of 3rd period - Backhand shot by Willie Mitchell.
13:33 of 3rd period - Shot Blocked by John Carlson.
13:53 of 3rd period - Slapshot by Derick Brassard.
13:53 of 3rd period - Stopped by Jonathan Quick with a rebound.
13:59 of 3rd period - Slapshot by Brendan Gallagher.
13:59 of 3rd period - Shot Blocked by Jake Muzzin.
14:01 of 3rd period - Slapshot by Christopher Tanev.
14:01 of 3rd period - Shot Misses the Net.
14:03 of 3rd period - Slapshot by Nick Leddy.
14:03 of 3rd period - Shot Blocked by Brad Stuart.
14:05 of 3rd period - Snap shot by Clarke MacArthur.
14:05 of 3rd period - Stopped by Jonathan Quick with a rebound.
14:07 of 3rd period - Backhand shot by Clarke MacArthur.
14:07 of 3rd period - Shot Misses the Net.
14:09 of 3rd period - Wrist shot by Clarke MacArthur.
14:09 of 3rd period - Stopped by Jonathan Quick without a rebound.
14:10 of 3rd period - Ryan Getzlaf wins face-off versus Jay Beagle in Jets zone.
14:47 of 3rd period - Filip Forsberg is hit by Jannik Hansen and loses puck.
15:27 of 3rd period - Patrik Elias is hit by Christopher Tanev and loses puck.
15:38 of 3rd period - Snap shot by Mats Zuccarello.
15:38 of 3rd period - Shot Blocked by Brad Stuart.
15:40 of 3rd period - Minor Penalty to Alex Ovechkin for Tripping.
15:41 of 3rd period - Ryan Getzlaf wins face-off versus Derick Brassard in Jets zone.
16:01 of 3rd period - Jussi Jokinen is hit by Clarke MacArthur and loses puck.
16:30 of 3rd period - Snap shot by Mats Zuccarello.
16:30 of 3rd period - Stopped by Jonathan Quick without a rebound.
16:31 of 3rd period - Nazem Kadri wins face-off versus Ryan Getzlaf in Jets zone.
17:00 of 3rd period - Snap shot by Nazem Kadri.
17:00 of 3rd period - Stopped by Jonathan Quick with a rebound.
17:02 of 3rd period - Slapshot by Alexander Edler.
17:02 of 3rd period - Shot Blocked by Erik Johnson.
17:04 of 3rd period - Snap shot by Nazem Kadri.
17:04 of 3rd period - Deflect By Brendan Gallagher.
17:04 of 3rd period - Stopped by Jonathan Quick without a rebound.
17:05 of 3rd period - Claude Giroux wins face-off versus Clarke MacArthur in Jets zone.
17:40 of 3rd period - Penalty to Alex Ovechkin is over, Alex Ovechkin is back on ice.
17:50 of 3rd period - Wrist shot by Mats Zuccarello.
17:50 of 3rd period - Shot Blocked by John Carlson.
17:52 of 3rd period - Slapshot by Brendan Gallagher.
17:52 of 3rd period - Shot Blocked by John Carlson.
17:54 of 3rd period - Wrist shot by Alexander Edler.
17:54 of 3rd period - Shot Blocked by John Carlson.
17:56 of 3rd period - Backhand shot by Alexander Edler.
17:56 of 3rd period - Shot Hit the Post.
17:58 of 3rd period - Wrist shot by Nazem Kadri.
17:58 of 3rd period - Deflect By Brendan Gallagher.
17:58 of 3rd period - Stopped by Jonathan Quick without a rebound.
17:59 of 3rd period - Jarret Stoll wins face-off versus Peter Holland in Jets zone.
19:25 of 3rd period - Minor Penalty to Jack Johnson for High sticking.
19:26 of 3rd period - Jay Beagle wins face-off versus Ryan Getzlaf in Canucks zone.
Goals for this period are 0 for Jets vs 0 for Canucks.
Shots for this period are 3 for Jets vs 12 for Canucks.